Map: Acid Plant LE

Players

Kozzy - Winner!

  • Race: Protoss Protoss
  • League: Gold
  • Spawn Location: 5:00

nickryki

  • Race: Terran Terran
  • League: Gold
  • Spawn Location: 11:00

VOD

Have the link to the VOD?

Description

Time

  • Played on: April 3, 2018, 9:32 a.m.
  • Length: 11:26
Show
View Real Time Build Order
Export as new Build Order

Kozzy Protoss - Winner!

Build Orders:  

Get SALT Encoding   

  12  0:02  Probe  
  13  0:14  Probe  
  13  0:19  Pylon  
  14  0:31  Probe  
  15  0:40  Gateway  
  15  0:44  Probe (Chrono Boost)  
  15  0:45  Assimilator  
  16  0:56  Probe (Chrono Boost)  
  17  1:01  Probe (Chrono Boost)  
  18  1:10  Probe  
  19  1:21  Pylon  
  19  1:22  Probe  
  20  1:29  Cybernetics Core  
  20  1:33  Assimilator  
  20  1:34  Probe  
  21  1:46  Probe  
  22  1:58  Probe  
  23  2:03  Pylon  
  23  2:06  Stalker  
  25  2:11  Warp Gate  
  24  2:23  Shield Battery  
  24  2:30  Gateway  
  24  2:43  Gateway  
  24  2:48  Stalker  
  26  3:08  Pylon  
  26  3:09  Pylon  
  26  3:18  Forge  
  26  3:20  Pylon  
  26  3:32  Stalker  
  28  3:45  Protoss Ground Weapons Level 1 (Chrono Boost)  
  28  3:55  Stalker  
  30  4:20  Pylon  
  30  4:22  Stalker x2  
  34  4:39  Gateway  
  34  4:58  Stalker  
  36  5:06  Probe  
  37  5:11  Stalker x2  
  39  5:28  Twilight Council  
  39  5:37  Nexus  
  39  5:56  Stalker x2  
  43  5:59  Pylon  
  43  6:01  Probe (Chrono Boost)  
  44  6:05  Blink (Chrono Boost)  
  45  6:11  Probe (Chrono Boost)  
  45  6:18  Shield Battery  
  45  6:35  Probe (Chrono Boost)  
  45  6:39  Pylon  
  46  6:45  Probe (Chrono Boost)  
  47  6:50  Probe (Chrono Boost)  
  48  6:59  Stalker x3  
  48  7:39  Stalker x4  
  50  7:46  Gateway  
  50  7:47  Probe x2 (Chrono Boost), Protoss Ground Weapons Level 2 (Chrono Boost)  
  50  7:49  Pylon  
  52  7:57  Probe x2 (Chrono Boost)  
  54  8:02  Probe (Chrono Boost)  
  55  8:12  Stalker x3  
  57  8:32  Stalker  
  57  8:38  Pylon  
  57  8:41  Pylon  
  57  8:45  Stalker x3  
  57  8:46  Stalker  
  65  9:04  Stalker  
  67  9:22  Stalker x2  
  67  9:23  Stalker x2  
  75  9:32  Gateway  
  75  9:34  Stalker  
  55  9:52  Stalker  
  55  9:53  Stalker x3  
  63  10:01  Gateway  
  63  10:12  Assimilator  
  63  10:13  Probe  
  63  10:14  Probe  
  65  10:16  Assimilator  
  65  10:18  Stalker x2  
  65  10:19  Stalker  
  71  10:23  Robotics Facility  
  69  11:02  Stalker x3  
  69  11:03  Stalker x3  
Show
View Real Time Build Order
Export as new Build Order

nickryki Terran 

Build Orders:  

Get SALT Encoding   

  12  0:01  SCV  
  13  0:13  SCV  
  14  0:23  Supply Depot  
  14  0:25  SCV  
  15  0:30  Refinery  
  15  0:46  Barracks  
  15  0:47  SCV  
  16  0:59  SCV  
  17  1:12  SCV  
  18  1:25  SCV  
  19  1:34  Reaper  
  19  1:38  SCV  
  21  1:42  Command Center  
  21  1:50  SCV  
  22  2:14  SCV  
  22  2:25  Barracks Reactor  
  23  2:32  Factory, Orbital Command  
  22  2:40  Barracks  
  21  2:59  SCV x2  
  23  3:11  Marine x2, SCV x2  
  27  3:18  Refinery  
  27  3:21  Engineering Bay  
  27  3:23  SCV  
  28  3:42  Supply Depot, SCV  
  28  3:43  Supply Depot, SCV  
  28  3:45  Bunker  
  30  3:49  Barracks Tech Lab  
  30  3:51  Factory Tech Lab  
  30  3:53  Refinery  
  30  3:54  SCV  
  30  3:55  Marine x2, SCV  
  32  4:13  Marine  
  30  4:20  Marine  
  30  4:21  Marine  
  30  4:22  Siege Tank  
  33  4:31  Marine  
  33  4:38  Marine  
  34  4:39  Marine  
  34  4:43  Terran Infantry Weapons Level 1  
  35  4:49  Marine, Bunker  
  36  4:56  Marine x2  
  38  5:01  Siege Tank  
  41  5:07  Marine  
  42  5:31  Supply Depot  
  42  5:33  Supply Depot  
  42  5:34  Marine x3, SCV  
  46  5:39  Orbital Command  
  44  5:46  SCV  
  45  5:52  Marine x3  
  48  5:58  Command Center  
  48  6:09  Marine, Supply Depot  
  48  6:10  Marine x2  
  51  6:15  Stimpack  
  51  6:27  Marine  
  51  6:28  Marine x2  
  54  6:45  Marine x2  
  56  6:49  Marine  
  57  7:03  Marine  
  58  7:15  Marine  
  53  7:17  Marine  
  53  7:21  Marine  
  51  7:33  Marine  
  48  7:46  Siege Tank  
  51  7:55  Marine x3  
  51  7:56  SCV x2  
  56  8:00  Terran Infantry Armor Level 1  
  56  8:08  SCV x2  
  56  8:12  Marine  
  55  8:15  Planetary Fortress  
  55  8:18  Siege Tank  
  59  8:20  SCV x2  
  50  8:32  SCV  
  50  8:34  Marine x3  
  52  8:44  SCV  
  52  8:52  Marine x3  
  55  8:56  SCV  
  56  9:08  Starport  
  56  9:09  Marine, Refinery x2  
  56  9:10  Starport  
  57  9:17  Missile Turret x2  
  57  9:19  Missile Turret  
  57  9:21  Missile Turret  
  57  9:28  Supply Depot  
  57  9:30  Supply Depot  
  57  9:34  Orbital Command  
  57  9:39  Missile Turret  
  51  9:51  Supply Depot  
  42  9:54  Marine x2  
  42  9:55  Marine  
  45  10:00  Siege Tank  
  45  10:03  Starport Tech Lab  
  45  10:04  Starport Tech Lab  
  48  10:11  Fusion Core  
  48  10:12  Marine x3  
  51  10:19  SCV x2  
  53  10:31  Marine, SCV x2, Marauder  
  53  10:32  Marine  
  53  10:33  Siege Tank  
  62  10:43  SCV x2  
  64  10:53  Marauder  
  64  10:55  SCV  
Tags
 
League
GoldGold
Matchup
PvT
Spawn Locations
Cross Positions
Add a new tag
Caveats
  • Supply blocks, unpowered buildings, or Contaminate may cause inaccurate times.
  • Supply counts are checked every 10 seconds.